 Dungeon Crawl Stone Soup version 0.18.1-8-gdd0e5ea (webtiles) character file.

982 GFox the Skirmisher (level 8, -5/70 HPs)
             Began as a Hill Orc Fighter on May 28, 2016.
             Was a Believer of Okawaru.
             Slain by an orc warrior
             ... wielding a +0 short sword
              (12 damage)
             ... on level 6 of the Dungeon.
             The game lasted 00:32:18 (5328 turns).

GFox the Skirmisher (Hill Orc Fighter)              Turns: 5328, Time: 00:32:19

Health: -5/70      AC: 10    Str: 21    XL:     8   Next: 17%
Magic:  8/8        EV:  9    Int:  8    God:    Okawaru [**....]
Gold:   255        SH: 13    Dex: 13    Spells: 0 memorised, 7 levels left

rFire  . . .     SeeInvis .     a - +0 war axe
rCold  . . .     Gourm    .     b - +0 scale mail
rNeg   . . .     Faith    +     c - +1 shield
rPois  .         Spirit   .     (no helmet)
rElec  .         Dismiss  .     (no cloak)
rCorr  .         Reflect  .     r - +0 pair of gloves {Dex+3}
SustAt .         Harm     .     (no boots)
MR     .....                    n - amulet of faith
Stlth  ..........               (no ring)
                                (no ring)

@: not resistant to hostile enchantments, extremely unstealthy
A: large bone plates 1
a: Heroism, Renounce Religion


You were on level 6 of the Dungeon.
You worshipped Okawaru.
Okawaru was pleased with you.
You were not hungry.

You visited 1 branch of the dungeon, and saw 6 of its levels.

You collected 255 gold pieces.

Inventory:

Hand Weapons
 a - a +0 war axe (weapon)
Armour
 b - a +0 scale mail (worn)
 c - a +1 shield (worn)
 r - a +0 pair of gloves of dexterity (worn)
Jewellery
 n - an amulet of faith (around neck)
 x - an uncursed amulet of harm {unknown}
Wands
 p - a wand of random effects (29/48)
Scrolls
 g - a scroll of enchant weapon {unknown}
 i - a scroll of teleportation {unknown}
 j - a scroll of blinking
 q - 5 scrolls of identify
 s - 4 scrolls of remove curse {unknown}
 y - a scroll of fog {unknown}
Potions
 d - 2 potions of might
 e - 3 potions of curing
 k - a potion of cancellation {unknown}
 l - a potion of brilliance {unknown}
 o - a potion of ambrosia {unknown}
 t - a potion of flight
 w - a potion of haste {unknown}
 z - a potion of heal wounds {unknown}
Comestibles
 f - 4 bread rations
 h - 4 fruits
 m - a beef jerky


   Skills:
 + Level 6.2 Fighting
 + Level 5.5 Axes
 + Level 5.7 Armour
 + Level 2.0 Dodging
 + Level 1.3 Stealth
 + Level 6.0 Shields


You had 7 spell levels left.
You didn't know any spells.

Dungeon Overview and Level Annotations

Branches:
Dungeon (6/15)
 Temple: D:4-7

Altars:
Cheibriados
Makhleb
Okawaru
Pakellas
Ru
Vehumet
Xom
Yredelemnul
Zin


Innate Abilities, Weirdness & Mutations

You are partially covered in large bone plates (AC +2, SH +2).


Message History

You slash the worker ant zombie!
You destroy the worker ant zombie!
Okawaru accepts your kill.
You barely miss the orc warrior. The orc warrior barely misses you.
You block the orc warrior's attack.
You closely miss the orc warrior. You block the orc warrior's attack.
You closely miss the orc warrior.
The orc warrior hits you with a short sword!
You slash the orc warrior!
The orc warrior is heavily wounded.
The orc warrior hits you with a short sword!
You hit the orc warrior.
The orc warrior is severely wounded.
The orc warrior hits you with a short sword!
* * * LOW HITPOINT WARNING * * *
You block the orc warrior's attack.
You barely miss the orc warrior.
The orc warrior is severely wounded.
The orc warrior hits you with a short sword!
You die...

.........#.#.
#.#
##$##<..##.#.#
#.# ...#....#
.#.####.#
#####..#.#
.#......#
#.....
.#..#####
....... .#..#
###...
.#..#####
#.#.###.[....#
#....o@.####.#
##..o#### #.#
.. #


You could see an orc warrior and an orc.

Vanquished Creatures
  A sky beast (D:6)
  A phantom (D:4)
  An ogre (D:4)
  A centaur (D:5)
  2 giant frogs
  A water moccasin skeleton (D:5)
  2 crimson imps
  An orc priest (D:3)
  A giant frog zombie (D:6)
  A centaur skeleton (D:6)
  2 iguanas
  Terence (D:3)
  2 worker ants
  A hound skeleton (D:4)
  2 worker ant zombies
  8 adders
  A shadow imp (D:6)
  An ooze (D:2)
  An adder skeleton (D:6)
  A worm (D:5)
  2 dart slugs
  A giant gecko (D:4)
  6 orcs
  5 giant cockroaches
  5 goblins
  5 hobgoblins
  4 quokkas
  4 bats
  A giant gecko skeleton (D:4)
  A giant gecko zombie (D:4)
  8 giant newts
  5 kobolds
  3 quokka skeletons (D:4)
  3 rats
85 creatures vanquished.

Notes
Turn   | Place    | Note
--------------------------------------------------------------
     0 | D:1      | GFox the Hill Orc Fighter began the quest for the Orb.
     0 | D:1      | Reached XP level 1. HP: 19/19 MP: 1/1
   194 | D:1      | Reached XP level 2. HP: 16/27 MP: 2/2
  1228 | D:2      | Reached XP level 3. HP: 33/33 MP: 3/3
  1843 | D:2      | Reached XP level 4. HP: 37/41 MP: 4/4
  2310 | D:3      | Gained mutation: You are partially covered in large bone plates (AC +2, SH +2). [potion of beneficial mutation]
  2595 | D:3      | Found a basalt altar of Yredelemnul.
  2657 | D:3      | Noticed Terence
  2669 | D:3      | Killed Terence
  2872 | D:3      | Found a snail-covered altar of Cheibriados.
  2874 | D:3      | Found an oddly glowing altar of Pakellas.
  2875 | D:3      | Found an iron altar of Okawaru.
  2922 | D:3      | Became a worshipper of Warmaster Okawaru
  2932 | D:3      | Found a burning altar of Makhleb.
  2933 | D:3      | Found a radiant altar of Vehumet.
  2954 | D:3      | Reached skill level 1 in Dodging
  2954 | D:3      | Reached XP level 5. HP: 36/47 MP: 5/5
  3343 | D:4      | Found a sacrificial altar of Ru.
  3630 | D:4      | Noticed an ogre
  3641 | D:4      | Killed an ogre
  3641 | D:4      | Reached XP level 6. HP: 40/55 MP: 6/6
  3884 | D:4      | Reached skill level 5 in Shields
  3894 | D:4      | Noticed a phantom
  3964 | D:4      | Killed a phantom
  3964 | D:4      | Reached * piety under Okawaru
  3964 | D:4      | Reached skill level 5 in Fighting
  4215 | D:5      | Entered Level 5 of the Dungeon
  4314 | D:5      | Reached XP level 7. HP: 61/61 MP: 7/7
  4351 | D:5      | Found a shimmering altar of Xom.
  4417 | D:5      | Reached skill level 5 in Armour
  4417 | D:5      | Reached skill level 1 in Stealth
  4501 | D:5      | Found a glowing silver altar of Zin.
  4502 | D:5      | Noticed an angel
  5072 | D:6      | Reached skill level 5 in Axes
  5072 | D:6      | Reached XP level 8. HP: 16/70 MP: 8/8
  5094 | D:6      | Reached ** piety under Okawaru
  5328 | D:6      | Slain by an orc warrior

Skill      XL: |  1  2  3  4  5  6  7  8 |
---------------+-------------------------+-----
Fighting       | 4 5 6 |  6.2
Shields        | 4 5 6 |  6.0
Axes           | 3 4 5 |  5.5
Armour         | 4 5 |  5.7
Dodging        | 1 2 |  2.0
Stealth        | 1 |  1.3

Action                   |  1- 3 |  4- 6 |  7- 9 || total
-------------------------+-------+-------+-------++-------
Melee: War axe           |   124 |   171 |   114 ||   409
  Use: Scroll            |     5 |     2 |       ||     7
       Potion            |       |     5 |       ||     5
 Stab: Invisible         |       |     1 |       ||     1
       Paralysed         |       |     1 |       ||     1
  Eat: Meat ration       |     1 |       |     1 ||     2
       Royal jelly       |       |     1 |       ||     1
       Chunk             |       |     4 |     2 ||     6
Armor: Scale mail        |    54 |    45 |    50 ||   149
Dodge: Dodged            |    38 |    47 |    30 ||   115
Block: Shield            |    68 |   123 |    70 ||   261
